 Dungeon Crawl Stone Soup version 0.29.0-13-gc9e81de378 (webtiles) character file.

Game seed: 5955330933043968692

47 Iusername the Conjurer (level 3, -5/14 HPs)
             Began as a Felid Conjurer on Sept 7, 2022.
             Killed from afar by Natasha (8 damage)
             ... with a magic dart
             ... on level 3 of the Dungeon.
             The game lasted 00:06:25 (4074 turns).

Iusername the Conjurer (Felid Conjurer)             Turns: 4074, Time: 00:06:25

Health: -5/14      AC:  1    Str:  5    XL:     3   Next: 48%
Magic:  2/8        EV: 17    Int: 19    God:
Gold:   99         SH:  0    Dex: 14    Spells: 6/7 levels left
                                        Lives:  0   Deaths: 1

rFire   . . .      SeeInvis +   (weapon unavailable)
rCold   . . .      Faith    .   (shield unavailable)
rNeg    . . .      Spirit   .   (body armour unavailable)
rPois   .          Reflect  .   (helmet unavailable)
rElec   .          Harm     .   (cloak unavailable)
rCorr   .          Rampage  .   (gloves unavailable)
Will    .....                   (boots unavailable)
Stlth   ++........              (no amulet)
HPRegen 0.04/turn               (no ring)
MPRegen 0.11/turn               (no ring)

@: quick
A: very small, claws 1, fangs 3, see invisible, speed 1, shaggy fur 1, stealthy
paws, no weapons or thrown items, no armour, multi-lived
a: no special abilities


You were on level 3 of the Dungeon.
You visited 1 branch of the dungeon, and saw 3 of its levels.

You collected 99 gold pieces.

Inventory:

Jewellery
 p - an amulet of regeneration
Wands
 a - a wand of charming (6)
Scrolls
 b - 3 scrolls of identify {unknown}
 c - a scroll of noise
 d - 2 scrolls of acquirement {unknown}
 e - a scroll of magic mapping {unknown}
 f - a scroll of fear {unknown}
 g - 3 scrolls of enchant armour
 h - 2 scrolls of vulnerability {unknown}
 m - a scroll of teleportation {unknown}
 n - 3 scrolls of blinking {unknown}
Potions
 i - a potion of degeneration {unknown}
 j - 2 potions of flight
 k - a potion of heal wounds {unknown}
 o - 2 potions of lignification {unknown}


   Skills:
 + Level 2.9 Dodging
 * Level 3.5 Stealth
 + Level 0.1 Unarmed Combat
 + Level 2.9 Spellcasting
 + Level 4.6 Conjurations


You had 6 spell levels left.
You knew the following spells:

 Your Spells              Type           Power      Damage    Failure   Level
a - Magic Dart            Conj           80%        1d7       2%          1

Your spell library contained the following spells:

 Spells                   Type           Power      Damage    Failure   Level
 Searing Ray              Conj           40%        2d5       3%          2
 Dazzling Flash           Conj/Hex       22%        N/A       19%         3
 Frozen Ramparts          Ice            4%         1d1       43%         3
 Fulminant Prism          Conj/Hex       5%         3d7       52%         4
 Iskenderun's Mystic Bla  Conj/Tloc      11%        2d4       52%         4
 Ice Form                 Ice/Tmut       2%         N/A       83%         4
 Summon Ice Beast         Ice/Summ       2%         N/A       83%         4


Dungeon Overview and Level Annotations

Branches:
Dungeon (3/15)

Altars:
Fedhas
Kikubaaqudgha
Xom

Annotations:
D:3 Ijyb, Natasha


Innate Abilities, Weirdness & Mutations

You have sharp claws.
You have razor-sharp teeth.
You have supernaturally acute eyesight. (SInv)
You cover ground quickly. (Speed+)
You are covered in fur. (AC +1)
Your paws help you pounce on unaware monsters.
You are incapable of wielding weapons or throwing items.
You cannot wear armour.
You gain extra lives every three experience levels.


Message History

Confirm with . or Enter, or press ? or * to list all spells.
Aiming: Magic Dart (safe; 2% risk of failure)
Press: ? - help, Shift-Dir - straight line, f/p - Natasha
Aim: Natasha (lightly wounded, 100% to hit)
The magic dart hits Natasha.
Natasha is heavily wounded.
Casting: Magic Dart (safe; 2% risk of failure)
Confirm with . or Enter, or press ? or * to list all spells.
Aiming: Magic Dart (safe; 2% risk of failure)
Press: ? - help, Shift-Dir - straight line, f/p - Natasha
Aim: Natasha (heavily wounded, 100% to hit)
The magic dart hits Natasha.
Natasha is heavily wounded.
Natasha howls an incantation.
You feel disoriented.
Casting: Magic Dart (safe; 2% risk of failure)
Confirm with . or Enter, or press ? or * to list all spells.
Aiming: Magic Dart (safe; 2% risk of failure)
Press: ? - help, Shift-Dir - straight line, f/p - Natasha
Aim: Natasha (heavily wounded, 100% to hit)
The magic dart hits Natasha.
Natasha is heavily wounded.
Casting: Magic Dart (safe; 2% risk of failure)
Confirm with . or Enter, or press ? or * to list all spells.
Aiming: Magic Dart (safe; 2% risk of failure)
Press: ? - help, Shift-Dir - straight line, f/p - Natasha
Aim: Natasha (heavily wounded, 100% to hit)
The magic dart hits Natasha.
Natasha is almost dead.
Natasha claws you.
* * * LOW HITPOINT WARNING * * *
You barely miss Natasha.
Natasha is almost dead.
Natasha misses you.
You scratch Natasha but do no damage.
Natasha is almost dead.
Natasha stares at you and mumbles some strange words.
The magic dart hits you!
Ouch! That really hurt!
You die...

####....+ #######
#..'....#####.. #####......
#h##).........###...##...##
#b# #..........#._.PP..###
#g# #.#......#.#.......P.#
#†# #.<....#.#.####PP.....
#.# #.>...........###.....
#.# #....h.#...#'#.....##.
#.# ##..##@.........###..##
#.# #...............# ##...
#.# #...##.....)....# #...
#.# #...#.......<##.# #.##
#.# #........###.##.# #.#<
#.# #.#.####.#...##.# #.#.
#.###.#._..#.#.####.# #.#.
#...#.#....#+#......# #.#.
###.#.#........###### #.#.


You could see Natasha.

Vanquished Creatures
  3 gnolls (D:2)
  2 adders
  7 ball pythons
  6 bats
  7 endoplasms
  7 goblins
  4 hobgoblins (D:2)
  3 jackals (D:1)
  A quokka (D:3)
  4 frilled lizards
  3 kobolds
  3 rats
50 creatures vanquished.

Vanquished Creatures (others)
  A plant (D:3)
  3 withered plants (D:3)
4 creatures vanquished.

Grand Total: 54 creatures vanquished

Notes
Turn   | Place    | Note
-------+----------+-------------------------------------------
     0 | D:1      | Iusername the Felid Conjurer began the quest for the Orb.
     0 | D:1      | Reached XP level 1. HP: 7/7 MP: 4/4
   509 | D:1      | Reached XP level 2. HP: 11/11 MP: 4/6
   543 | D:1      | Reached skill level 4 in Conjurations
  1968 | D:2      | Found a shimmering altar of Xom.
  1976 | D:2      | Reached XP level 3. HP: 14/14 MP: 2/7
  2157 | D:2      | Reached XP level 4. HP: 18/18 MP: 0/9
  3854 | D:3      | Noticed Ijyb
  3860 | D:3      | Noticed Natasha
  3872 | D:3      | Slain by Ijyb
  3873 | D:3      | Reached XP level 3. HP: 0/14 MP: 1/8
  3875 | D:3      | Found a faded altar of an unknown god.
  3952 | D:3      | Found a blossoming altar of Fedhas.
  3954 | D:3      | Found an ancient bone altar of Kikubaaqudgha.
  4074 | D:3      | Killed from afar by Natasha

Illustrated notes

Levels and vault maps discovered:
D:1:      dpeg_arrival_windows_large_door, layout_basic,
          hangedman_decor_slide_cut
D:2:      layout_rooms, basic_altar
D:3:      wander_river, layout_basic, grunt_temple_overflow_growth_and_decay,
          basic_ecumenical_altar, uniq_ijyb, uniq_natasha

Skill      XL: |  1  2 |
---------------+-------+-----
Conjurations   | 4 |  4.6
Stealth        | 3 |  3.5
Dodging        | |  2.9
Unarmed Combat | |  0.1
Spellcasting   | |  2.9

Action                   |  1- 3 |  4- 6 || total
-------------------------+-------+-------++-------
Melee: Unarmed           |     2 |    13 ||    15
       Bite              |       |     3 ||     3
 Cast: Magic Dart        |    77 |    45 ||   122
  Use: Scroll            |     2 |       ||     2
       Potion            |     2 |     3 ||     5
Dodge: Dodged            |    12 |    19 ||    31
